 Dungeon Crawl Stone Soup version 0.24.0-13-gcf9b319 (webtiles) character file.

Game seed: 13743262817226317047, levelgen mode: deterministic

151 Fang the Covered (level 5, -5/33 HPs)
             Began as a Gargoyle Fighter on Jan 2, 2020.
             Slain by an ogre
             ... wielding a +0 giant club
              (24 damage)
             ... on level 3 of the Dungeon.
             The game lasted 00:02:33 (1459 turns).

Fang the Covered (Gargoyle Fighter)                 Turns: 1459, Time: 00:02:33

Health: -5/33      AC: 11    Str: 20    XL:     5   Next: 33%
Magic:  5/5        EV:  7    Int:  9    God:
Gold:   97         SH:  9    Dex:  9    Spells: 4/4 levels left

rFire    + . .     SeeInvis .   a - +0 war axe
rCold    . . .     Gourm    .   B - +0 shield
rNeg     + . .     Faith    .   b - +0 scale mail
rPois    ∞         Spirit   .   (no helmet)
rElec    +         Reflect  .   (no cloak)
rCorr    .         Harm     .   (no gloves)
MR       .....                  (no boots)
Stlth    ..........             (no amulet)
HPRegen  0.11/turn              l - ring of protection from fire
MPRegen  0.09/turn              (no ring)

@: no status effects
A: negative energy resistance 1, electricity resistance, unbreathing,
petrification resistance, rot immunity, AC +4
a: no special abilities


You were on level 3 of the Dungeon.
You were not hungry.

You visited 1 branch of the dungeon, and saw 3 of its levels.

You collected 97 gold pieces.

Inventory:

Hand Weapons
 a - a +0 war axe (weapon)
Armour
 b - a +0 scale mail (worn)
 B - a +0 shield (worn)
Jewellery
 l - a ring of protection from fire (left hand)
Scrolls
 h - 3 scrolls of identify {unknown}
 j - 2 scrolls of remove curse {unknown}
 k - a scroll of amnesia {unknown}
 m - a scroll of enchant armour {unknown}
 n - a scroll of teleportation {unknown}
Potions
 d - a potion of might
 e - a potion of flight {unknown}
 f - a potion of resistance {unknown}
 i - 2 potions of berserk rage {unknown}
Comestibles
 c - 3 rations
 g - 3 chunks of flesh


   Skills:
 + Level 4.3 Fighting
 + Level 2.8 Axes
 + Level 4.3 Armour
 + Level 4.2 Shields


You had 4 spell levels left.
You didn't know any spells.
Your spell library was empty.

Dungeon Overview and Level Annotations

Branches:
Dungeon (3/15)

Altars:
Dithmenos
Ru

Annotations:
D:3 3 runed translucent doors, stormannn's ghost, amateur HOFE


Innate Abilities, Weirdness & Mutations

You are resistant to torment.
Your stone body is resilient. (AC +4)
You are immune to poison.
You resist negative energy. (rN+)
You are resistant to electric shocks. (rElec)
You can survive without breathing.
You are immune to petrification.
You are immune to rotting.


Message History

The leopard gecko hisses angrily.
Found 16 gold pieces.
Found a shadowy altar of Dithmenos.
Found a stone staircase leading up.
You slash the ogre!
The ogre is heavily wounded.
You block the ogre's attack.
The leopard gecko bites you but does no damage.
You slash the ogre!
The ogre is almost dead.
You slash the leopard gecko!
You kill the leopard gecko!
The ogre hits you with a +0 giant club!
You completely miss the ogre.
The ogre is almost dead.
The ogre hits you with a +0 giant club!
You barely miss the ogre.
The ogre is almost dead.
The ogre hits you with a +0 giant club!!
Ouch! That really hurt!
You die...

####§§ ..
##$.§§§ .#
..§§§§.#.# .#
#(......# .#
..(....# #.#
#..<..# #.#
#..O..# #.#
####..@####.#
.............#
#..##.#####..##
#..# # #.#.#
#...# #..###
..## ##..#
#..##.## ##..#
#..#
.......###..#.##
#..# #.#
#..#..###.###..#
#.#
#..............#


You could see an ogre.

Vanquished Creatures
  3 orc wizards
  An adder (D:2)
  A worm (D:2)
  A dart slug (D:1)
  3 leopard geckos
  5 orcs
  5 bats
  A giant cockroach (D:1)
  7 goblins
  6 hobgoblins
  4 kobolds
  A quokka (D:2)
  5 frilled lizards (D:2)
  5 rats (D:1)
48 creatures vanquished.

Vanquished Creatures (others)
  An orc (D:2)
1 creature vanquished.

Grand Total: 49 creatures vanquished

Notes
Turn   | Place    | Note
-------+----------+-------------------------------------------
     0 | D:1      | Fang the Gargoyle Fighter began the quest for the Orb.
     0 | D:1      | Reached XP level 1. HP: 14/14 MP: 1/1
    64 | D:1      | Reached XP level 2. HP: 13/19 MP: 2/2
   463 | D:1      | Reached XP level 3. HP: 22/23 MP: 3/3
   816 | D:2      | Found a sacrificial altar of Ru.
  1059 | D:2      | Reached XP level 4. HP: 14/29 MP: 4/4
  1379 | D:2      | Reached XP level 5. HP: 31/33 MP: 5/5
  1408 | D:3      | Found a runed translucent gate.
  1408 | D:3      | Identified the +6 whip of Precise Incision {elec, rC+
                  | Dex+4}
  1408 | D:3      | Noticed a big kobold
  1408 | D:3      | Noticed stormannn's ghost (amateur HOFE)
  1421 | D:3      | Found a runed translucent gate.
  1421 | D:3      | Found a runed translucent gate.
  1453 | D:3      | Noticed an ogre
  1454 | D:3      | Found a shadowy altar of Dithmenos.
  1459 | D:3      | Slain by an ogre

Levels and vault maps discovered:
D:1:      saegor_arrival_simple_b, layout_basic
D:2:      layout_rooms, nicolae_ru_path_of_blood, minmay_lizard_pond
D:3:      layout_loops_ring, grunt_dithmenos_smoke, kennysheep_slug_shrine,
          lemuel_round_altar, gammafunk_ghost_nasty_kobolds, kennysheep_nub

Skill      XL: |  1  2  3  4 |
---------------+-------------+-----
Axes           | 2 |  2.8
Fighting       | 4 |  4.3
Armour         | 4 |  4.3
Shields        | 4 |  4.2

Action                   |  1- 3 |  4- 6 || total
-------------------------+-------+-------++-------
Melee: War axe           |   122 |    46 ||   168
  Eat: Chunk             |     1 |     1 ||     2
Armor: Scale mail        |    76 |    35 ||   111
Dodge: Dodged            |    50 |    16 ||    66
Block: Shield            |    86 |    26 ||   112
